 Dungeon Crawl Stone Soup version 0.31-a0-803-g95b03c3367 (webtiles) character file.

Game seed: 13068629510327644928

8087 hikkokomori the Fighter (level 11, -6/139 HPs)
             Began as a Merfolk Gladiator on Sept 20, 2023.
             Was an Initiate of Gozag.
             Mangled by a death yak (13 damage)
             ... on level 10 of the Dungeon.
             The game lasted 00:19:44 (10559 turns).

hikkokomori the Fighter (Merfolk Gladiator)        Turns: 10559, Time: 00:19:45

Health: -6/139     AC: 25    Str: 15    XL:     11   Next: 25%
Magic:  4/4        EV:  2    Int:  8    God:    Gozag
Gold:   711        SH:  0    Dex: 19    Spells: 12/12 levels left

rFire   . . .        w - +8 rapier (antimagic)
rCold   . . .        (no shield)
rNeg    . . .        s - melded +18 Lear's hauberk
rPois   +            (helmet currently unavailable)
rElec   .            o - melded +0 cloak
rCorr   .            (gloves currently unavailable)
SInv    +            (boots currently unavailable)
Will    .....        (no amulet)
Stlth   ++           r - ring of poison resistance
HPRegen 0.43/turn    H - ring of see invisible
MPRegen 0.09/turn

%: no passive effects
@: mighty, brilliant, tree-form (expiring), weak-willed, gold aura, on berserk
cooldown, hasted and slowed
A: stationary, stasis, torment immunity, boosted hp, (nimble swimmer 2),
(mertail)
a: Renounce Religion, Potion Petition, Call Merchant, Bribe Branch


You were on level 10 of the Dungeon.
You worshipped Gozag.
Gozag was pleased with you.
You were a tree.
You visited 1 branch of the dungeon, and saw 10 of its levels.

You collected 1434 gold pieces.
You spent 175 gold pieces at shops.
You paid 548 gold pieces to Gozag.

Inventory:

Hand Weapons
 a - a +0 long sword
 m - a +1 sling of flaming
 n - a +1 dagger of venom
 w - a +8 antimagic rapier (weapon)
 T - a +3 falchion
Missiles
 d - 3 throwing nets (quivered)
 e - a javelin
 L - 3 curare-tipped darts
Armour
 b - a +0 leather armour
 c - a +0 helmet
 o - a +0 cloak (melded)
 s - the +18 Lear's hauberk (melded)
   (You found it on level 3 of the Dungeon)
 I - a +2 leather armour of fire resistance
 N - an orb of guile
Jewellery
 r - a ring of poison resistance (left branch)
 x - a +6 ring of strength
 H - a ring of see invisible (right branch)
 M - a ring of magical power
 R - a ring of positive energy
Talismans
 u - a dragon-blood talisman
 D - a maw talisman
Wands
 y - a wand of roots (4)
 A - a wand of flame (30)
 O - a wand of paralysis (28)
Scrolls
 g - 3 scrolls of noise {unknown}
 h - 3 scrolls of enchant weapon
 i - 2 scrolls of enchant armour {unknown}
 k - 3 scrolls of blinking {unknown}
 l - 3 scrolls of vulnerability
 p - 3 scrolls of teleportation
 t - 2 scrolls of fear {unknown}
 v - a scroll of summoning {unknown}
 G - 2 scrolls of revelation {unknown}
 J - a scroll of fog {unknown}
 K - a scroll of brand weapon {unknown}
 P - a scroll of torment {unknown}
 S - a scroll of amnesia {unknown}
 U - a scroll of poison {unknown}
Potions
 f - 2 potions of cancellation
 j - 2 potions of haste
 q - 2 potions of degeneration
 z - 4 potions of curing
 B - a potion of attraction {unknown}
 C - 2 potions of mutation
 E - 2 potions of brilliance
 F - 2 potions of enlightenment
 Q - 3 potions of lignification


   Skills:
 + Level 11.0 Fighting
 - Level 9.4(10.6) Short Blades
 + Level 7.6(9.7) Long Blades
 - Level 2.6 Throwing
 - Level 6.0 Armour
 - Level 4.6 Dodging
 - Level 2.7 Stealth
 - Level 1.3 Spellcasting
 + Level 4.7 Evocations


You had 12 spell levels left.
You didn't know any spells.
Your spell library contained the following spells:

 Spells                   Type           Power      Damage    Failure   Level
 Ensorcelled Hibernation  Hex/Ice        0%         N/A       52%         2
 Jinxbite                 Hex            0%         N/A       52%         2
 Lesser Beckoning         Tloc           0%         N/A       52%         2
 Gell's Gravitas          Tloc           0%         N/A       75%         3
 Teleport Other           Tloc           0%         N/A       75%         3
 Anguish                  Hex/Necr       0%         N/A       98%         4
 Dispersal                Tloc           0%         N/A       100%        6


Dungeon Overview and Level Annotations

Branches:
Dungeon (10/15)            Temple (0/1) D:6             Orc (0/2) D:9
   Lair: D:8-11

Altars:
Ashenzari
Dithmenos
Gozag
Makhleb
Qazlal
Ru
Sif Muna
Trog
Uskayaw
Xom
Yredelemnul
Zin

Shops:
D:3 *   D:8 ((

Annotations:
D:2 1 runed translucent door, Crazy Yiuf
D:5 2 transporters, Darkkill's ghost, amateur MiHu
D:6 1 runed translucent door, ooooo's ghost, novice OpCj


Innate Abilities, Weirdness & Mutations

You are a tree.
Your roots penetrate the ground, keeping you stationary.
You cannot be teleported.
You are immune to unholy pain and torment.
Your maximum health is greatly increased.
Your equipment is partially melded.
((You are very nimble when in or above water. (Stealth+, EV+, Speed+++)))
((Your lower body shifts to a powerful aquatic tail in water.))


Message History

You are no longer berserk.
You are exhausted.
You feel yourself slow down.
The orc is distracted by your dazzling golden aura.
The yak bellows!
You puncture the death yak!
The death yak is lightly wounded.
You puncture the death yak!
The death yak is lightly wounded.
The yak is no longer distracted by gold. x2
The orc is no longer distracted by gold.
The death yak gores you but does no damage.
You puncture the death yak!
The death yak is moderately wounded.
The quokka is distracted by your dazzling golden aura.
The death yak gores you!
* * * LOW HITPOINT WARNING * * *
You hit the death yak.
The death yak is moderately wounded.
You puncture the death yak!
The death yak is heavily wounded.
The death yak gores you but does no damage.
You puncture the death yak!
The death yak is heavily wounded.
The quokka is no longer distracted by gold.
The death yak gores you but does no damage.
You barely miss the death yak.
The death yak is heavily wounded.
Your transformation is almost over.
The hell rat twitches its whiskers.
You puncture the death yak!
The death yak is severely wounded.
The death yak gores you!!
* * * LOW HITPOINT WARNING * * *
You puncture the death yak!
You punch the death yak, but do no damage.
The death yak is almost dead.
The death yak gores you!
You die...
Your body crumbles into a pile of gold.

##..........
........Y.. #......Y..
#..r....##. #.oYr......
#.rYo...# #Y# #Y# #♣##
########### ####..####
#.........# #........#
#.........# #........#
#.........# #........#
#### #.........#
#........# ....
#.........########[####
..... ...........#
#.......####....
#..........#
#.....)).#......


You could see a death yak, 3 yaks, a hell rat, an orc priest, an orc and 2
quokkas.

Vanquished Creatures
  2 two-headed ogres
  2 death yaks (D:10)
  Jeremiah (D:6)
  A troll (D:9)
  A shadow (D:9)
  A wyvern (D:9)
  7 yaks
  Menkaure (D:5)
  2 steam dragons (D:7)
  Edmund (D:5)
  2 water moccasins
  4 orc warriors (D:9)
  3 black bears
  A sky beast (D:8)
  An ice beast (D:5)
  An ogre (D:4)
  A phantom (D:5)
  3 kobold brigands
  6 bullfrogs
  A gnoll sergeant (D:10)
  6 scorpions
  3 wights (D:7)
  A jelly (D:6)
  4 killer bees (D:10)
  An electric eel (D:9)
  3 howler monkeys
  6 orc priests
  3 hounds
  Ijyb (D:4)
  6 iguanas
  8 orc wizards
  3 gnolls (D:10)
  2 adders
  A shadow imp (D:7)
  2 white imps
  2 ufetubi
  A worm (D:3)
  2 dart slugs
  27 orcs
  6 ball pythons
  5 endoplasms
  2 giant cockroaches (D:2)
  4 goblins
  A hobgoblin (D:2)
  5 jackals (D:2)
  A quokka (D:3)
  8 bats
  A frilled lizard (D:3)
  21 kobolds
  3 rats
181 creatures vanquished.

Vanquished Creatures (others)
  An orc (D:9)
1 creature vanquished.

Grand Total: 182 creatures vanquished

Notes
Turn   | Place    | Note
-------+----------+-------------------------------------------
     0 | D:1      | hikkokomori the Merfolk Gladiator began the quest for the
                  | Orb.
     0 | D:1      | Reached XP level 1. HP: 16/16 MP: 1/1
   391 | D:1      | Reached XP level 2. HP: 23/23 MP: 2/2
   986 | D:2      | Reached skill level 1 in Stealth
  1118 | D:2      | Found a runed translucent door.
  1119 | D:2      | Noticed Crazy Yiuf
  1273 | D:2      | Reached XP level 3. HP: 28/28 MP: 3/3
  1292 | D:2      | Found a faded altar of an unknown god.
  1530 | D:3      | Found the +18 Lear's hauberk
  1854 | D:3      | Found a shadowy altar of Dithmenos.
  2406 | D:3      | Found Tarchujog's Assorted Antiques.
  2410 | D:3      | Bought a glowing rapier for 175 gold pieces
  2638 | D:4      | Reached skill level 3 in Fighting
  2638 | D:4      | Reached skill level 1 in Short Blades
  2638 | D:4      | Reached XP level 4. HP: 35/35 MP: 4/4
  2656 | D:4      | Noticed Ijyb
  2665 | D:4      | Killed Ijyb
  2680 | D:4      | Reached skill level 1 in Armour
  2782 | D:4      | Noticed an ogre
  2798 | D:4      | Reached XP level 5. HP: 41/41 MP: 1/5
  2823 | D:4      | Killed an ogre
  2824 | D:4      | Reached skill level 4 in Fighting
  2824 | D:4      | Reached XP level 6. HP: 33/48 MP: 2/6
  2943 | D:4      | Found a hide-covered altar of Uskayaw.
  3159 | D:4      | Noticed a black bear
  3160 | D:4      | Found a bloodstained altar of Trog.
  3160 | D:4      | Noticed a black bear
  3181 | D:4      | Killed a black bear
  3186 | D:4      | Killed a black bear
  3187 | D:4      | Reached skill level 5 in Fighting
  3187 | D:4      | Reached XP level 7. HP: 51/56 MP: 2/7
  3253 | D:4      | Found an opulent altar of Gozag.
  3962 | D:4      | Became a worshipper of Gozag Ym Sagoz the Greedy
  3975 | D:5      | Entered Level 5 of the Dungeon
  4147 | D:5      | Reached skill level 5 in Short Blades
  4206 | D:5      | Reached XP level 8. HP: 64/64 MP: 2/8
  4225 | D:5      | Reached skill level 6 in Fighting
  4233 | D:5      | Noticed a yak
  4237 | D:5      | Found a transporter.
  4241 | D:5      | Noticed Darkkill's ghost (amateur MiHu)
  4268 | D:5      | Noticed Edmund
  4280 | D:5      | Killed Edmund
  4333 | D:5      | Noticed Menkaure
  4343 | D:5      | Killed Menkaure
  4562 | D:5      | Found a transporter.
  4718 | D:5      | Reached skill level 7 in Fighting
  4946 | D:6      | Found a runed translucent door.
  4962 | D:6      | Noticed ooooo's ghost (novice OpCj)
  5045 | D:6      | You fall into a shaft and drop 2 floors!
  5104 | D:7      | Found a sacrificial altar of Ru.
  5104 | D:7      | Found a stormy altar of Qazlal.
  5104 | D:7      | Found a basalt altar of Yredelemnul.
  5130 | D:7      | Reached XP level 9. HP: 66/72 MP: 3/9
  5407 | D:7      | Found a shimmering blue altar of Sif Muna.
  5409 | D:7      | Found a shimmering altar of Xom.
  5800 | D:7      | Reached skill level 8 in Fighting
  5800 | D:7      | Reached skill level 5 in Armour
  6602 | D:6      | Noticed Jeremiah
  6838 | D:6      | Killed Jeremiah
  6839 | D:6      | Reached skill level 9 in Fighting
  6839 | D:6      | Reached XP level 10. HP: 25/80 MP: 3/10
  7225 | D:6      | Found a staircase to the Ecumenical Temple.
  7420 | D:6      | Found a glowing silver altar of Zin.
  8088 | D:8      | Noticed a two-headed ogre
  8098 | D:8      | Killed a two-headed ogre
  8099 | D:8      | Reached skill level 1 in Spellcasting
  8496 | D:8      | Found Kuocw's Weapon Boutique.
  8497 | D:8      | Found Beota's Weapon Shoppe.
  8876 | D:9      | Reached skill level 1 in Evocations
  8926 | D:9      | Reached skill level 5 in Long Blades
  9088 | D:9      | Reached skill level 10 in Fighting
  9376 | D:9      | Found a staircase to the Orcish Mines.
 10075 | D:9      | Noticed a two-headed ogre
 10118 | D:9      | Killed a two-headed ogre
 10244 | D:9      | Found a burning altar of Makhleb.
 10244 | D:9      | Found a broken altar of Ashenzari.
 10292 | D:10     | Entered Level 10 of the Dungeon
 10447 | D:10     | Reached XP level 11. HP: 92/92 MP: 4/12
 10498 | D:10     | Noticed a death yak
 10508 | D:10     | Noticed a death yak
 10519 | D:10     | Noticed a death yak
 10522 | D:10     | Killed a death yak
 10542 | D:10     | Killed a death yak
 10549 | D:10     | Reached skill level 11 in Fighting
 10559 | D:10     | Mangled by a death yak

Illustrated notes

Levels and vault maps discovered:
D:1:      wheals_arrival_linesprint, layout_basic
D:2:      layout_basic, ebering_ecumenical_altar_petrified, grunt_decor_clamped,
          uniq_crazy_yiuf_cottage
D:3:      kennysheep_six_static_rooms, layout_loops_corners,
          nicolae_dithmenos_through_a_glass_darkly, serial_shops,
          nicolae_shop_back_alley_shop, dreamdust_princess_bridge
D:4:      layout_layer_cave, eat_drink_and_be_merry_uskayaw, old_standard_altar,
          trog_ov_bears_minmay, uniq_ijyb
D:5:      minmay_angry_zag, layout_loops_ring, gammafunk_ghost_arena,
          uniq_menkaure, uniq_edmund
D:6:      layout_loops_corners, zin_scriptorium,
          minmay_temple_entry_antechambers, gammafunk_ghost_grave, uniq_jeremiah
D:7:      layout_layer_cave, chequers_temple_overflow_statue_of_worship,
          gammafunk_temple_overflow_forgotten
D:8:      layout_basic, nicolae_wooded_promenade
D:9:      layout_stronghold, gammafunk_temple_overflow_statue, erik_orc_2
D:10:     layout_basic, mainiacjoe_overflow_small_starburst, dpeg_lair_monsters

Skill      XL: |  1  2  3  4  5  6  7  8  9 10 11 |
---------------+----------------------------------+-----
Stealth        | 1 2 |  2.7
Long Blades    | 4 6 7 |  7.6
Fighting       | 3 4 5 7 9 10 11 | 11.0
Short Blades   | 1 2 4 5 7 9 |  9.4
Armour         | 1 2 3 4 5 6 |  6.0
Spellcasting   | 1 |  1.3
Evocations     | 3 4 |  4.7
Throwing       | |  2.6
Dodging        | |  4.6

Action                     |  1- 3 |  4- 6 |  7- 9 | 10-12 || total
---------------------------+-------+-------+-------+-------++-------
  Melee: Long sword        |    18 |       |       |       ||    18
         Dagger            |    52 |       |       |     3 ||    55
         Rapier            |       |    73 |   250 |   270 ||   593
         Punch             |       |       |     5 |     7 ||    12
         Tailslap          |       |       |       |     3 ||     3
   Fire: Sling             |    48 |     1 |       |       ||    49
 Invoke: Potion Petition   |       |       |       |     1 ||     1
  Evoke: Wand              |       |     1 |     6 |     9 ||    16
    Use: Potion            |       |       |     1 |     2 ||     3
         Scroll            |       |       |       |     9 ||     9
   Stab: Sleeping          |     1 |       |       |       ||     1
         Distracted        |       |       |       |     1 ||     1
 Armour: Leather armour    |    24 |       |       |       ||    24
         Chain mail        |    33 |    69 |   200 |   135 ||   437
         Skin              |       |       |       |    35 ||    35
  Dodge: Dodged            |    45 |    25 |    93 |    90 ||   253
         Form:             |     1 |       |       |       ||     1
         Dragon            |     1 |       |       |       ||     1

Table legend: (Time is in decaauts)
 A = Elapsed time spent in this place.
 B = Non-inter-level travel time spent in this place.
 C = Inter-level travel time spent in this place.
 D = Time resting spent in this place.
 E = Time spent auto-exploring this place.
 F = Levels seen in this place.
 G = Mean time per level.
                   A        B        C        D        E       F      G
               +--------+--------+--------+--------+--------+-----+--------+
         Total |  10404 |  10056 |    348 |    808 |   7705 |  10 | 1040.4 |
       Dungeon |  10404 |  10056 |    348 |    808 |   7705 |  10 | 1040.4 |
               +--------+--------+--------+--------+--------+-----+--------+

Top non-repeatable levels by time:
     D:6: 1513 daAuts
     D:7: 1454 daAuts
     D:9: 1412 daAuts
     D:4: 1346 daAuts
     D:3: 1107 daAuts
     D:1: 968 daAuts
     D:5: 955 daAuts
     D:8: 843 daAuts
     D:2: 566 daAuts
    D:10: 237 daAuts
